 Dungeon Crawl Stone Soup version 0.32-a0-131-g9dbbe29261 (webtiles) character file.

Game seed: 1158766746350151181

5263 Dittersdorf the Fighter (level 10, 0/103 HPs)
             Began as a Gargoyle Fighter on Feb 8, 2024.
             Was an Initiate of Gozag.
             Slain by a skeletal warrior
             ... wielding a +0 flail
              (12 damage)
             ... on level 8 of the Dungeon.
             The game lasted 00:11:23 (9799 turns).

Dittersdorf the Fighter (Gargoyle Fighter)          Turns: 9799, Time: 00:11:23

Health: 0/103      AC: 22    Str: 25    XL:     10   Next: 62%
Magic:  10/10      EV: 18    Int:  8    God:    Gozag
Gold:   937        SH: 10    Dex:  9    Spells: 9/9 levels left

rFire   . . .        a - +0 flail
rCold   . . .        c - +0 buckler
rNeg    + . .        o - +0 chain mail
rPois   ∞            w - +0 helmet
rElec   +            p - +0 cloak
rCorr   .            (no gloves)
SInv    .            v - +0 pair of boots
Will    .....        z - amulet of reflection Stlth
                     g - +5 ring of evasion
HPRegen 0.37/turn    y - +5 ring of evasion
MPRegen 0.12/turn

%: reflection
@: berserking, studying Fighting, very quick
A: sickness immunity, AC +7, negative energy resistance 1, electricity
resistance, torment resistance 1, petrification resistance
a: Renounce Religion, Potion Petition, Call Merchant, Bribe Branch


You were on level 8 of the Dungeon.
You worshipped Gozag.
Gozag was pleased with you.
You visited 1 branch of the dungeon, and saw 9 of its levels.

You collected 1053 gold pieces.
You paid 116 gold pieces to Gozag.

Inventory:

Hand Weapons
 a - a +0 flail (weapon)
Missiles
 b - 2 throwing nets
Armour
 c - a +0 buckler (worn)
 o - a +0 chain mail (worn)
 p - a +0 cloak (worn)
 v - a +0 pair of boots (worn)
 w - a +0 helmet (worn)
Jewellery
 g - a +5 ring of evasion (left hand)
 y - a +5 ring of evasion (right hand)
 z - an amulet of reflection (around neck)
Wands
 C - a wand of acid (9) (quivered)
Scrolls
 e - a scroll of fog
 f - 2 scrolls of blinking
 k - a scroll of revelation
 l - a scroll of enchant armour {unknown}
 m - a scroll of enchant weapon {unknown}
 n - 4 scrolls of teleportation
 s - a scroll of fear {unknown}
 t - 2 scrolls of immolation {unknown}
 x - 2 scrolls of vulnerability {unknown}
Potions
 d - 3 potions of might
 i - 2 potions of mutation
 j - a potion of haste
 q - 2 potions of heal wounds {unknown}
 r - 4 potions of attraction {unknown}
 A - a potion of invisibility {unknown}
 B - a potion of curing {unknown}


   Skills:
 + Level 11.0 Fighting
 + Level 8.0 Maces & Flails
 + Level 9.1 Armour
 + Level 9.1 Shields


You had 9 spell levels left.
You didn't know any spells.
Your spell library contained the following spells:

 Spells                   Type           Power      Damage    Failure   Level
 Summon Small Mammal      Summ           0%         N/A       91%         1
 Blink                    Tloc           0%         N/A       97%         2
 Ensorcelled Hibernation  Hex/Ice        0%         N/A       97%         2
 Lesser Beckoning         Tloc           0%         N/A       97%         2
 Momentum Strike          Conj/Tloc      0%         3d8       97%         2
 Call Canine Familiar     Summ           0%         N/A       99%         3
 Fugue of the Fallen      Necr           0%         N/A       99%         3
 Sigil of Binding         Hex            0%         N/A       99%         3
 Anguish                  Hex/Necr       0%         N/A       100%        4
 Dimensional Bullseye     Hex/Tloc       0%         N/A       100%        4
 Passage of Golubria      Tloc           0%         N/A       100%        4
 Summon Blazeheart Golem  Fire/Summ      0%         N/A       100%        4
 Silence                  Hex/Air        0%         N/A       100%        5
 Lehudib's Crystal Spear  Conj/Erth      0%         10d2      100%        8


Dungeon Overview and Level Annotations

Branches:
Dungeon (9/15)             Temple (0/1) D:7            Lair (0/5) D:8
    Orc: D:9-12

Altars:
Gozag
Kikubaaqudgha
Makhleb
Nemelex Xobeh
Uskayaw
Vehumet
Wu Jian
Xom
Yredelemnul
Zin

Shops:
D:7 *

Annotations:
D:5 2 transporters, AutarchDCSS's ghost, novice VSBr


Innate Abilities, Weirdness & Mutations

You are immune to sickness and miasma.
Your stone body is resilient. (AC +7)
You are immune to poison.
You resist negative energy. (rN+)
You are resistant to electric shocks. (rElec)
You are resistant to unholy torment.
You are immune to petrification.


Message History

The skeletal warrior is moderately damaged.
The skeletal warrior hits you but does no damage.
You closely miss the skeletal warrior.
The skeletal warrior is moderately damaged.
You block the skeletal warrior's attack.
You thump the skeletal warrior!
The skeletal warrior is moderately damaged.
You block the skeletal warrior's attack.
You hit the skeletal warrior but do no damage.
The skeletal warrior is moderately damaged.
The skeletal warrior misses you.
You completely miss the skeletal warrior.
The skeletal warrior is moderately damaged.
The skeletal warrior misses you.
You sock the skeletal warrior!
The skeletal warrior is heavily damaged.
You block the skeletal warrior's attack.
You hit the skeletal warrior but do no damage.
The skeletal warrior is heavily damaged.
The skeletal warrior hits you with a +0 flail!!
* * * LOW HITPOINT WARNING * * *
You hit the skeletal warrior.
The skeletal warrior is heavily damaged.
The skeletal warrior hits you but does no damage.
You hit the skeletal warrior but do no damage.
The skeletal warrior is heavily damaged.
The skeletal warrior closely misses you.
You sock the skeletal warrior!
The skeletal warrior is severely damaged.
The skeletal warrior hits you with a +0 flail.
* * * LOW HITPOINT WARNING * * *
A red film seems to cover your vision as you go berserk!
You feel yourself moving faster!
You feel mighty!
The skeletal warrior is no longer covered in acid.
The skeletal warrior completely misses you.
You sock the skeletal warrior!
The skeletal warrior is almost destroyed.
The skeletal warrior hits you with a +0 flail!
You die...
Your body crumbles into a pile of gold.

#.# #.#.###.##.#
###.####.#.#...##^#
#.....##..........#
#####.....###.....#####
#.........# #.....# #.........#
#.....# #.........#
#.....###############
#.........###....z...............
'...............@################
#..........##..=.##............#
#..........##....##.##########.#
#..[........'.[..<#.# #.#
#####.......#....##.# #.#
#####.......####.##.# #.#
............+.......# #.#
...#...#########.########## #.#
...+..##....###..# ###....## #.#


You could see a skeletal warrior.

Vanquished Creatures
  A two-headed ogre (D:9)
  A rime drake (D:8)
  A troll (D:7)
  A wraith (D:9)
  Menkaure (D:4)
  2 steam dragons
  An orc warrior (D:7)
  6 ice beasts
  2 black bears
  An elephant zombie (D:8)
  3 ogres
  3 wolves
  4 centaurs
  A phantom (D:7)
  An elf zombie (D:8)
  3 bullfrogs
  2 scorpions
  5 wights (D:6)
  2 howler monkeys (D:5)
  A crimson imp (D:5)
  A human zombie (D:8)
  2 bombardier beetles
  5 hounds
  Crazy Yiuf (D:4)
  4 orc priests
  A centaur zombie (D:8)
  3 scorpion zombies (D:8)
  4 iguanas
  2 sleepcaps
  2 orc wizards
  2 ogre zombies (D:8)
  3 hound zombies (D:8)
  2 howler monkey zombies (D:8)
  5 gnolls
  10 adders
  2 white imps
  4 ufetubi
  An adder zombie (D:8)
  3 ribbon worms
  3 dart slugs (D:1)
  23 orcs
  5 ball pythons
  12 endoplasms
  A giant cockroach (D:1)
  13 goblins
  7 hobgoblins
  10 jackals
  3 quokkas
  7 bats
  5 frilled lizards
  8 kobolds
  6 rats
202 creatures vanquished.

Vanquished Creatures (others)
  2 orc wizards (D:5)
2 creatures vanquished.

Grand Total: 204 creatures vanquished

Notes
Turn   | Place    | Note
-------+----------+-------------------------------------------
     0 | D:1      | Dittersdorf the Gargoyle Fighter began the quest for the
                  | Orb.
     0 | D:1      | Reached XP level 1. HP: 14/14 MP: 1/1
    87 | D:1      | Reached XP level 2. HP: 19/19 MP: 2/2
   346 | D:1      | Reached XP level 3. HP: 23/23 MP: 3/3
  1325 | D:2      | Reached XP level 4. HP: 29/29 MP: 4/4
  1804 | D:3      | Noticed a steam dragon
  1938 | D:3      | Reached skill level 4 in Fighting
  2038 | D:3      | Killed a steam dragon
  2039 | D:3      | Reached XP level 5. HP: 12/34 MP: 5/5
  2268 | D:3      | Found a glowing silver altar of Zin.
  2289 | D:3      | Reached XP level 6. HP: 39/39 MP: 6/6
  2378 | D:3      | Found a faded altar of an unknown god.
  3361 | D:4      | Noticed Menkaure
  3371 | D:4      | Killed Menkaure
  3372 | D:4      | Reached skill level 5 in Fighting
  3372 | D:4      | Reached skill level 5 in Armour
  3372 | D:4      | Reached skill level 5 in Shields
  3372 | D:4      | Reached XP level 7. HP: 44/44 MP: 7/7
  3435 | D:4      | Found a hide-covered altar of Uskayaw.
  3549 | D:4      | Found an ornate altar of the Wu Jian Council.
  3862 | D:4      | Found a runed translucent door.
  3863 | D:4      | Noticed Crazy Yiuf
  4089 | D:4      | Killed Crazy Yiuf
  4228 | D:5      | Entered Level 5 of the Dungeon
  4228 | D:5      | Found a transporter.
  4307 | D:5      | Found a transporter.
  4307 | D:5      | Noticed AutarchDCSS's ghost (novice VSBr)
  4307 | D:5      | Identified the +1 giant club of the Secret Lies {pain,
                  | rCorr Dex+3}
  4659 | D:5      | Reached XP level 8. HP: 51/51 MP: 8/8
  4780 | D:5      | Reached skill level 6 in Fighting
  4780 | D:5      | Reached skill level 5 in Maces & Flails
  5647 | D:6      | Identified a scroll of acquirement
  5647 | D:6      | Acquired a manual of Fighting
  5720 | D:6      | Found a shimmering altar of Xom.
  5735 | D:6      | Found an opulent altar of Gozag.
  5735 | D:6      | Found a sparkling altar of Nemelex Xobeh.
  5741 | D:6      | Became a worshipper of Gozag Ym Sagoz the Greedy
  5817 | D:6      | Reached skill level 7 in Fighting
  5916 | D:6      | Reached XP level 9. HP: 57/57 MP: 9/9
  5996 | D:6      | Found a radiant altar of Vehumet.
  6339 | D:6      | Reached skill level 8 in Fighting
  7420 | D:7      | Found a staircase to the Ecumenical Temple.
  7578 | D:7      | Found Ahuo's General Store.
  7629 | D:7      | Noticed a troll
  7654 | D:7      | Killed a troll
  7768 | D:7      | Reached skill level 9 in Fighting
  8348 | D:8      | Reached XP level 10. HP: 62/66 MP: 10/10
  8373 | D:8      | Found a basalt altar of Yredelemnul.
  8416 | D:8      | Found a burning altar of Makhleb.
  8447 | D:8      | Found an ancient bone altar of Kikubaaqudgha.
  8746 | D:8      | Reached skill level 10 in Fighting
  9127 | D:8      | Found a staircase to the Lair.
  9411 | D:9      | Noticed a skeletal warrior
  9412 | D:9      | Noticed a skeletal warrior
  9412 | D:9      | Noticed a skeletal warrior
  9502 | D:9      | Noticed a two-headed ogre
  9515 | D:9      | Killed a two-headed ogre
  9516 | D:9      | Reached skill level 11 in Fighting
  9799 | D:8      | Slain by a skeletal warrior

Illustrated notes

Levels and vault maps discovered:
D:1:      tarquinn_simple_flora_water_a, layout_basic, serial_forest,
          infiniplex_forest_end_double, infiniplex_forest_clump_curved,
          infiniplex_forest_3_way, infiniplex_forest_end_2,
          infiniplex_forest_lined_corner, infiniplex_forest_lined_room_,
          infiniplex_forest_clump_small, infiniplex_forest_lined_2
D:2:      layout_basic, serial_glass, glass_columns_b, glass_columns_a,
          serial_bayou_lake_a
D:3:      minmay_chambers_of_threes, layout_basic,
          nicolae_overflow_crystal_walls,
          shapermc_ecumenical_altar_mp_highgroup, amcnicky_mini_corridor_feature
D:4:      layout_loops_ring, mainiacjoe_overflow_alcove_4,
          pdpol_wu_jian_five_deadly_venoms, hellmonk_no_cap, uniq_menkaure,
          uniq_crazy_yiuf_cottage
D:5:      layout_rooms, gammafunk_ghost_smash, serial_bayou,
          serial_bayou_pond_b, serial_bayou_crossing, serial_bayou_ford_a,
          serial_bayou_pond_d, supply_closet_lemuel, minmay_fire_ice_demons
D:6:      layout_gridville, grunt_temple_overflow_opulence, xom_butterflies,
          marbit_many_paths, serial_rivers, chequers_serial_rivers_large_b,
          chequers_serial_rivers_micro_c, chequers_serial_rivers_room_b,
          chequers_serial_rivers_large_a
D:7:      layout_layer_cave, minmay_temple_entry_hall, serial_shops, shop
D:8:      layout_basic, mainiacjoe_overflow_two_lobes, hellmonk_lair_entry_icy,
          roadster_capsule_ark_zombie
D:9:      layout_basic, evilmike_butchery, uniq_erolcha

Skill      XL: |  1  2  3  4  5  6  7  8  9 10 |
---------------+-------------------------------+-----
Fighting       | 4 5 7 9 11 | 11.0
Armour         | 4 5 6 8 9 |  9.1
Shields        | 4 5 6 8 9 |  9.1
Maces & Flails | 3 4 5 7 8 |  8.0

Action                     |  1- 3 |  4- 6 |  7- 9 | 10-12 || total
---------------------------+-------+-------+-------+-------++-------
  Melee: Flail             |   298 |   166 |   609 |   151 ||  1224
  Throw: Throwing net      |       |       |     3 |       ||     3
  Evoke: Wand              |       |     2 |     2 |     5 ||     9
    Use: Scroll            |       |     1 |     9 |     2 ||    12
         Potion            |       |       |       |     1 ||     1
   Stab: Distracted        |       |       |     1 |     1 ||     2
 Armour: Scale mail        |    74 |    96 |       |       ||   170
         Chain mail        |       |    13 |   284 |    79 ||   376
  Dodge: Dodged            |    88 |   108 |   477 |   123 ||   796
  Block: Buckler           |    33 |    47 |   383 |   118 ||   581
         Reflection        |       |       |     8 |     3 ||    11

Table legend: (Time is in decaauts)
 A = Elapsed time spent in this place.
 B = Non-inter-level travel time spent in this place.
 C = Inter-level travel time spent in this place.
 D = Time resting spent in this place.
 E = Time spent auto-exploring this place.
 F = Levels seen in this place.
 G = Mean time per level.
                   A        B        C        D        E       F      G
               +--------+--------+--------+--------+--------+-----+--------+
         Total |  10168 |   9571 |    597 |   1020 |   6094 |   9 | 1129.8 |
       Dungeon |  10168 |   9571 |    597 |   1020 |   6094 |   9 | 1129.8 |
               +--------+--------+--------+--------+--------+-----+--------+

Top non-repeatable levels by time:
     D:4: 1550 daAuts
     D:6: 1484 daAuts
     D:7: 1433 daAuts
     D:5: 1199 daAuts
     D:1: 1106 daAuts
     D:2: 1073 daAuts
     D:3: 1001 daAuts
     D:8: 954 daAuts
     D:9: 366 daAuts
